AoeStats
← ok yes

Arena

510855489Analyzed
1v1 RM · 1d ago on Oct 2, 2026· 65m 47s· 2 players
Game mode
Random Map
Map size
Tiny (2 player)
Population
200
Speed
Normal
Resources
Standard
Victory
Conquest
Starting age
Dark Age
Ending age
Imperial Age
RankedLock teamsTeams togetherTeam positionsShared explorationLock speedFull tech treeHidden civsTurbo modeCheats
Victory
Defeat
🇫🇷 Byzantines · France
659
+16
🇵🇱 Turks · Poland
669
-35
ok yes
13:53 Loom
15:39 Feudal Age
17:20 Horse Collar
17:29 Double-Bit Axe
22:03 Castle Age
20:45 Fletching
20:56 Padded Archer Armor
23:01 Wheelbarrow
27:53 Imperial Age
26:34 Stone Mining
28:52 Gold Mining
29:41 Bow Saw
30:56 Hand Cart
31:02 Heavy Plow
32:27 Chemistry
31:49 Ballistics
31:53 Bodkin Arrow
33:42 Crop Rotation
35:02 Gold Shaft Mining
35:05 Stone Shaft Mining
36:23 Fortified Wall
36:32 Leather Archer Armor
36:43 Conscription
36:55 Bracer
37:07 Forging
37:11 Pikeman
40:40 Scale Barding Armor
41:12 Iron Casting
40:38 Scale Mail Armor
41:34 Man-at-Arms
42:01 Gambesons
42:16 Squires
41:37 Halberdier
42:46 Long Swordsman
45:19 Two-Handed Swordsman
47:47 Two-Man Saw
52:58 Chain Mail Armor
53:15 Ring Archer Armor
61:33 Chain Barding Armor
61:44 Champion
64:23 Elite Skirmisher
Verurek
11:35 Feudal Age
19:16 Castle Age
17:28 Man-at-Arms
19:01 Double-Bit Axe
20:19 Husbandry
20:32 Bloodlines
22:07 Horse Collar
28:05 Fortified Wall
33:11 Imperial Age
31:57 Ballistics
32:20 Town Watch
33:22 Wheelbarrow
35:05 Bow Saw
35:50 Murder Holes
35:43 Cavalier
36:27 Fletching
39:17 Bodkin Arrow
41:15 Elite Janissary
43:48 Artillery
44:38 Bracer
48:34 Padded Archer Armor
48:45 Forging
48:37 Scale Mail Armor
49:45 Town Patrol
50:41 Sipahi
55:39 Hand Cart
58:50 Man-at-Arms
60:39 Long Swordsman
62:17 Thumb Ring
63:30 Masonry
63:05 Treadmill Crane
63:12 Arrowslits
63:51 Bombard Tower
Connection lost

Rejoining the realm…

Still unreachable

The connection could not be restored.

Session expired

The server has moved on; the page needs a fresh start.